 Dungeon Crawl Stone Soup version 0.23.2-40-g277498a001 (webtiles) character file.

Game seed: 13290656451043531170

252 Hylith the Shield-Bearer (level 6, -9/53 HPs)
             Began as a Gnoll Fighter on Aug 14, 2019.
             Mangled by an ogre
             ... wielding a +0 giant club
              (21 damage)
             ... on level 6 of the Dungeon.
             The game lasted 00:04:04 (1619 turns).

Hylith the Shield-Bearer (Gnoll Fighter)            Turns: 1619, Time: 00:04:04

Health: -9/53      AC:  7    Str: 20    XL:     6   Next: 14%
Magic:  8/8        EV:  9    Int: 10    God:
Gold:   105        SH: 12    Dex: 15    Spells: 8/8 levels left

rFire    . . .     SeeInvis .   a - +0 war axe
rCold    . . .     Gourm    .   c - +1 shield
rNeg     . . .     Faith    .   b - +0 scale mail
rPois    .         Spirit   .   (no helmet)
rElec    .         Reflect  .   (no cloak)
rCorr    .         Harm     .   (no gloves)
MR       .....                  (no boots)
Stlth    +.........             (no amulet)
HPRegen  0.17/turn              (no ring)
MPRegen  0.11/turn              (no ring)

@: no status effects
A: distributed training, fangs 1, strong nose
a: no special abilities


You were on level 6 of the Dungeon.
You were hungry.

You visited 1 branch of the dungeon, and saw 4 of its levels.

You collected 105 gold pieces.

Inventory:

Hand Weapons
 a - a +0 war axe (weapon)
 q - a +2 dagger of pain
Missiles
 r - 4 silver tomahawks (quivered)
Armour
 b - a +0 scale mail (worn)
 c - a +1 shield (worn)
Jewellery
 l - an uncursed ring of ice
Scrolls
 g - a scroll of fog {unknown}
 i - 2 scrolls of identify
 m - a scroll of remove curse
 n - a scroll of magic mapping {unknown}
 o - a scroll of amnesia {unknown}
Potions
 d - a potion of might
 e - a potion of berserk rage {unknown}
 h - 4 potions of lignification
 k - a potion of agility {unknown}
 p - a potion of heal wounds {unknown}
Comestibles
 f - 7 rations


   Skills:
 + Level 6.8 Fighting
 + Level 1.8 Short Blades
 + Level 1.8 Long Blades
 + Level 4.9 Axes
 + Level 1.8 Maces & Flails
 + Level 1.8 Polearms
 + Level 1.8 Staves
 + Level 1.8 Slings
 + Level 1.8 Bows
 + Level 1.8 Crossbows
 + Level 1.8 Throwing
 + Level 6.8 Armour
 + Level 1.8 Dodging
 + Level 1.8 Stealth
 + Level 6.8 Shields
 + Level 1.8 Unarmed Combat
 + Level 1.8 Spellcasting
 + Level 1.4 Conjurations
 + Level 1.4 Hexes
 + Level 1.4 Charms
 + Level 1.4 Summonings
 + Level 1.4 Necromancy
 + Level 1.4 Translocations
 + Level 1.4 Transmutations
 + Level 1.4 Fire Magic
 + Level 1.4 Ice Magic
 + Level 1.4 Air Magic
 + Level 1.4 Earth Magic
 + Level 1.4 Poison Magic
 + Level 2.0 Invocations
 + Level 1.8 Evocations


You had 8 spell levels left.
You didn't know any spells.
Your spell library was empty.

Dungeon Overview and Level Annotations

Branches:
Dungeon (3/15)             Temple (0/1) D:6

Altars:
Uskayaw
The Shining One

Annotations:
D:6 Prince Ribbit


Innate Abilities, Weirdness & Mutations

Your experience applies equally to all skills.
You have very sharp teeth.
Your uncanny sense of smell can sniff out nearby items.


Message History

You slash the jelly!
You kill the jelly!
Your Invocations skill increases to level 2!
You have reached level 6!
Your experience leads to an increase in your attributes!
Increase (S)trength, (I)ntelligence, or (D)exterity?
You feel stronger.
You completely miss the ogre. The ogre hits you with a +0 giant club!
You hit the ogre.
The ogre is moderately wounded.
The ogre hits you with a +0 giant club!!
* * * LOW HITPOINT WARNING * * *
Unknown command.
Found a staircase to the Ecumenical Temple.
There is a fountain of clear blue water here.
An orc comes into view.
Found a pair of gloves.
There is a staircase to the Ecumenical Temple here.
The ogre hits you with a +0 giant club!!
You die...

#.#... #.###
...#.###.#.##
#......#....## .
##.#.#........##
[.##...............
....o#.⌠.#......#
...#.......#...#
#...⌠.@Oa.Y.#.#
...#.......#...#
#....#.⌠.#...#.# #
...........###.## #
#.....#.#..##.#Y## #
...##........###.#######
#. ##.#....# ##...a...
#....##. #.#####Y. ##
#.# ##.


You could see a sky beast, an ogre, a worker ant and an orc.

Vanquished Creatures
  A jelly (D:6)
  Natasha (thrice) (D:2)
  2 adders (D:2)
  7 gnolls (D:2)
  3 worms (D:2)
  3 dart slugs
  2 leopard geckos
  5 orcs (D:6)
  A ball python (D:2)
  3 giant cockroaches
  2 goblins
  6 hobgoblins
  A quokka (D:1)
  5 bats
  2 frilled lizards (D:2)
  A kobold (D:1)
  2 rats
49 creatures vanquished.

Notes
Turn   | Place    | Note
-------+----------+-------------------------------------------
     0 | D:1      | Hylith the Gnoll Fighter began the quest for the Orb.
     0 | D:1      | Reached XP level 1. HP: 23/23 MP: 1/1
   106 | D:1      | Reached XP level 2. HP: 26/29 MP: 2/2
   563 | D:2      | Noticed Natasha
   574 | D:2      | Killed Natasha
   574 | D:2      | Reached skill level 1 in Invocations
   574 | D:2      | Reached XP level 3. HP: 29/35 MP: 2/4
   600 | D:2      | Reached skill level 1 in Short Blades
   600 | D:2      | Reached skill level 1 in Long Blades
   600 | D:2      | Reached skill level 1 in Maces & Flails
   600 | D:2      | Reached skill level 1 in Polearms
   600 | D:2      | Reached skill level 1 in Staves
   600 | D:2      | Reached skill level 1 in Slings
   600 | D:2      | Reached skill level 1 in Bows
   600 | D:2      | Reached skill level 1 in Crossbows
   600 | D:2      | Reached skill level 1 in Throwing
   600 | D:2      | Reached skill level 1 in Dodging
   600 | D:2      | Reached skill level 1 in Stealth
   600 | D:2      | Reached skill level 1 in Unarmed Combat
   600 | D:2      | Reached skill level 1 in Spellcasting
   600 | D:2      | Reached skill level 1 in Evocations
   609 | D:2      | Reached XP level 4. HP: 38/41 MP: 5/5
   626 | D:2      | Noticed Natasha
   638 | D:2      | Killed Natasha
   638 | D:2      | Reached skill level 1 in Conjurations
   638 | D:2      | Reached skill level 1 in Hexes
   638 | D:2      | Reached skill level 1 in Charms
   638 | D:2      | Reached skill level 1 in Summonings
   638 | D:2      | Reached skill level 1 in Necromancy
   638 | D:2      | Reached skill level 1 in Translocations
   638 | D:2      | Reached skill level 1 in Transmutations
   638 | D:2      | Reached skill level 1 in Fire Magic
   638 | D:2      | Reached skill level 1 in Ice Magic
   638 | D:2      | Reached skill level 1 in Air Magic
   638 | D:2      | Reached skill level 1 in Earth Magic
   638 | D:2      | Reached skill level 1 in Poison Magic
   709 | D:2      | Noticed Natasha
   734 | D:2      | Killed Natasha
   734 | D:2      | Reached XP level 5. HP: 30/47 MP: 6/6
  1177 | D:2      | Found a glowing golden altar of the Shining One.
  1261 | D:3      | Found a hide-covered altar of Uskayaw.
  1284 | D:3      | You fall through a shaft for 3 floors!
  1544 | D:6      | Noticed Prince Ribbit
  1585 | D:6      | Noticed an ogre
  1587 | D:6      | Noticed a sky beast
  1608 | D:6      | Reached XP level 6. HP: 48/53 MP: 8/8
  1612 | D:6      | Found a staircase to the Ecumenical Temple.
  1619 | D:6      | Mangled by an ogre

Skill      XL: |  1  2  3  4  5 |
---------------+----------------+-----
Invocations    | 1 2 |  2.0
Short Blades   | 1 |  1.8
Long Blades    | 1 |  1.8
Maces & Flails | 1 |  1.8
Polearms       | 1 |  1.8
Staves         | 1 |  1.8
Slings         | 1 |  1.8
Bows           | 1 |  1.8
Crossbows      | 1 |  1.8
Throwing       | 1 |  1.8
Dodging        | 1 |  1.8
Stealth        | 1 |  1.8
Unarmed Combat | 1 |  1.8
Spellcasting   | 1 |  1.8
Evocations     | 1 |  1.8
Conjurations   | 1 |  1.4
Hexes          | 1 |  1.4
Charms         | 1 |  1.4
Summonings     | 1 |  1.4
Necromancy     | 1 |  1.4
Translocations | 1 |  1.4
Transmutations | 1 |  1.4
Fire Magic     | 1 |  1.4
Ice Magic      | 1 |  1.4
Air Magic      | 1 |  1.4
Earth Magic    | 1 |  1.4
Poison Magic   | 1 |  1.4
Fighting       | |  6.8
Axes           | |  4.9
Armour         | |  6.8
Shields        | |  6.8

Action                   |  1- 3 |  4- 6 || total
-------------------------+-------+-------++-------
Melee: War axe           |    55 |   108 ||   163
       Bite              |     3 |    19 ||    22
  Use: Scroll            |       |     3 ||     3
  Eat: Chunk             |       |     2 ||     2
Armor: Scale mail        |    20 |    43 ||    63
Dodge: Dodged            |    16 |    30 ||    46
Block: Shield            |    32 |    69 ||   101
